[Event "Slovakian-ch Youth 2022"]
[Site "Lubovna"]
[Date "2022.05.22"]
[Round "2.32"]
[White "Kriska Alexander"]
[Black "Dvorak, Alfred"]
[Result "0-1"]
[ECO "B30"]
[WhiteElo "1046"]
[BlackElo "1239"]
[Annotator "NA COMBH"]
[PlyCount "109"]
[EventDate "2022.05.22"]
[EventCountry "SVK"]
[SourceTitle "playchess.com"]
[Source "ChessBase"]
[SourceQuality "1"]
[TimeControl "40/5400+30:1800+30"]

1. e4 c5 2. Nc3 Nc6 3. Nf3 d6 4. Bc4 g6 5. d3 Bg7 6. Be3 Bg4 7. h3 Bxf3 8. Qxf3 Ne5 9. Qe2 Nxc4 10. dxc4 e6 11. Bd2 Ne7 12. O-O O-O 13. Rab1 Nc6 14. a3 a6 15. b4 Qe7 16. Nd1 Rfd8 17. Re1 Qh4 18. c3 Rd7 19. Ne3 Qxe4 20. Ng4 Qxe2 21. Rxe2 Rad8 22. Ne3 Ne7 23. b5 d5 24. bxa6 bxa6 25. Rb6 d4 26. cxd4 cxd4 27. Nd1 Rc8 28. Rxa6 Rxc4 29. Ra8+ Nc8 30. Bb4 Rd8 31. Be7 Re8 32. Nb2 Rc1+ 33. Kh2 Rxe7 34. Nd3 Rc3 35. Rd2 h5 36. a4 Kh7 37. a5 Ra7 38. Rb8 Rxa5 39. Rb7 Nd6 40. Rd7 Ra6 41. Nb2 g5 42. g3 Kg6 43. g4 h4 44. Rd8 Ne4 45. Re2 f5 46. Kg2 Raa3 47. Nd1 Rxh3 48. Rb8 Be5 49. Rbb2 Rh2+ 50. Kf1 d3 51. Re3 Bxb2 52. Rf3 Nd2+ 53. Ke1 Nxf3+ 54. Kf1 h3 55. Nc3 0-1

[Event "Slovakian-ch Youth 2022"]
[Site "Lubovna"]
[Date "2022.05.22"]
[Round "2.33"]
[White "Diachenko Mykhailo"]
[Black "Brnusak, Simon"]
[Result "0-1"]
[ECO "B45"]
[WhiteElo "1000"]
[BlackElo "1090"]
[Annotator "NA COMBH"]
[PlyCount "96"]
[EventDate "2022.05.22"]
[EventCountry "SVK"]
[SourceTitle "playchess.com"]
[Source "ChessBase"]
[SourceQuality "1"]
[TimeControl "40/5400+30:1800+30"]

1. e4 c5 2. Nf3 e6 3. d4 cxd4 4. Nxd4 Nc6 5. Nc3 Nf6 6. Bb5 Nxd4 7. Qxd4 Be7 8. O-O O-O 9. Re1 a6 10. Ba4 d5 11. e5 Ne8 12. Qg4 Kh8 13. Re3 Rg8 14. Rf3 f6 15. Ne2 fxe5 16. c3 Nf6 17. Qh3 e4 18. Rf4 e5 19. Rh4 Bxh3 20. Rxh3 d4 21. Bd2 Rc8 22. Bc2 d3 23. Rc1 dxe2 24. Bg5 h6 25. Re1 Nd5 26. Bxe7 Qxe7 27. Rxe2 Nf4 28. Rxh6+ gxh6 29. Rxe4 Qg5 30. g3 Nh3+ 31. Kg2 Qf5 32. Re2 Nf4+ 33. Kf1 Qh3+ 34. Ke1 Ng2+ 35. Kd1 Rcd8+ 36. Kc1 Qxh2 37. Bd1 Rxd1+ 38. Kxd1 Rd8+ 39. Kc2 Ne3+ 40. Kb3 Qh1 41. fxe3 Qd1+ 42. Rc2 Qd5+ 43. Ka3 Qa5+ 44. Kb3 b5 45. a3 Qa4+ 46. Ka2 Qxc2 47. e4 Rd2 48. a4 Qxb2# 0-1

[Event "Slovakian-ch Youth 2022"]
[Site "Lubovna"]
[Date "2022.05.22"]
[Round "2.34"]
[White "Gobl, Fabian"]
[Black "Drabek Matej"]
[Result "1-0"]
[ECO "A10"]
[WhiteElo "1017"]
[BlackElo "1000"]
[Annotator "NA COMBH"]
[PlyCount "79"]
[EventDate "2022.05.22"]
[EventCountry "SVK"]
[SourceTitle "playchess.com"]
[Source "ChessBase"]
[SourceQuality "1"]
[TimeControl "40/5400+30:1800+30"]

1. c4 d5 2. d3 Bf5 3. cxd5 Qxd5 4. e4 Qa5+ 5. Bd2 Qe5 6. Nf3 Qxb2 7. Bc3 Qb5 8. exf5 Qxf5 9. Be2 e6 10. O-O Nf6 11. Ne5 Bd6 12. d4 Ne4 13. Bf3 Nc6 14. Bxe4 Qxe4 15. Nxc6 Qxc6 16. Re1 O-O-O 17. Qb3 h5 18. Rc1 Qe4 19. Nd2 Qf4 20. g3 Qg5 21. Ne4 Qg6 22. Nxd6+ Rxd6 23. Rab1 b6 24. Bb4 Rxd4 25. Qc3 Rd7 26. Rb2 Re8 27. Rd2 Red8 28. Bd6 Kb8 29. Bxc7+ Kc8 30. Bxd8+ Kxd8 31. Qc8+ Ke7 32. Qxd7+ Kf6 33. Qxa7 h4 34. Rc3 h3 35. Qa4 Qb1+ 36. Rd1 Qf5 37. Qd4+ Kg6 38. Qxb6 Qe4 39. f3 Qe2 40. Qb1+ 1-0

[Event "Slovakian-ch Youth 2022"]
[Site "Lubovna"]
[Date "2022.05.22"]
[Round "2.35"]
[White "Stavac Teodor"]
[Black "Janoska Peter"]
[Result "0-1"]
[ECO "B45"]
[WhiteElo "1000"]
[BlackElo "1272"]
[Annotator "NA COMBH"]
[PlyCount "50"]
[EventDate "2022.05.22"]
[EventCountry "SVK"]
[SourceTitle "playchess.com"]
[Source "ChessBase"]
[SourceQuality "1"]
[TimeControl "40/5400+30:1800+30"]

1. e4 c5 2. Nf3 e6 3. Nc3 Nc6 4. d4 cxd4 5. Nxd4 Nf6 6. Bg5 Be7 7. Bb5 a6 8. Ba4 b5 9. Bb3 Nxe4 10. Nxe4 Bxg5 11. Nxg5 Qxg5 12. O-O Bb7 13. Nf3 Qg6 14. Re1 O-O 15. Qxd7 Na5 16. Re3 Qf6 17. Rd1 Rfd8 18. Qc7 Rxd1+ 19. Re1 Bxf3 20. gxf3 Rxe1+ 21. Kg2 Qg5+ 22. Kh3 Nxb3 23. axb3 Rd8 24. Qc6 Rg1 25. c4 Qh5# 0-1

[Event "Slovakian-ch Youth 2022"]
[Site "Lubovna"]
[Date "2022.05.22"]
[Round "2.36"]
[White "Krajci Hugo"]
[Black "Slivka Martin"]
[Result "1-0"]
[ECO "C55"]
[WhiteElo "1178"]
[BlackElo "1000"]
[Annotator "NA RC COMBH"]
[PlyCount "55"]
[EventDate "2022.05.22"]
[EventCountry "SVK"]
[SourceTitle "playchess.com"]
[Source "ChessBase"]
[SourceQuality "1"]
[TimeControl "40/5400+30:1800+30"]

1. e4 e5 2. Nf3 Nc6 3. Bc4 Be7 4. O-O Nf6 5. Nc3 Nxe4 6. Nxe4 d5 7. Bxd5 Qxd5 8. Nc3 Qd8 9. d3 Bg4 10. h3 Bh5 11. Ne4 O-O 12. Ng3 Nd4 13. Nxh5 Nxf3+ 14. Qxf3 Bf6 15. Nxf6+ Qxf6 16. Qxf6 gxf6 17. c3 a5 18. d4 b5 19. a3 Rfd8 20. Be3 Rac8 21. Rfd1 c6 22. f3 Kg7 23. Bf2 Kg6 24. Bh4 Kf5 25. g4+ Kf4 26. Kf2 c5 27. Re1 exd4 28. Re4# 1-0

[Event "Slovakian-ch Youth 2022"]
[Site "Lubovna"]
[Date "2022.05.23"]
[Round "3.1"]
[White "Zdrazil, Patrik"]
[Black "Zetocha, Adrian"]
[Result "1/2-1/2"]
[ECO "B51"]
[WhiteElo "1997"]
[BlackElo "2331"]
[Annotator "TA"]
[PlyCount "71"]
[EventDate "2022.05.22"]
[EventCountry "SVK"]
[SourceTitle "playchess.com"]
[Source "ChessBase"]
[SourceQuality "1"]
[TimeControl "40/5400+30:1800+30"]

1. e4 c5 2. Nf3 d6 3. Bb5+ Nd7 4. O-O a6 5. Bd3 Ngf6 6. Re1 {[%emt 0:01:35] B51: Sicilian: Moscow Variation (3 Bb5+) without 3...Bd7.} b6 7. c3 Bb7 8. Bc2 {[%emt 0:08:20] White is slightly better.} e5 9. d4 {[%emt 0:04:05] [#]} Qc7 $146 ({Predecessor:} 9... Be7 10. d5 O-O 11. c4 g6 12. Nc3 Nh5 13. Rb1 Ng7 14. b4 cxb4 15. Rxb4 Qc7 {1-0 (31) Caruana,F (2792)-Sunilduth Lyna,N (2658) Chess.com INT 2022}) 10. Bg5 Be7 11. dxe5 dxe5 12. c4 O-O 13. Nc3 Rfd8 14. Nd5 Nxd5 15. exd5 f6 16. Be3 Nf8 17. Nd2 Bd6 18. Ne4 Bc8 19. Qf3 Ra7 20. Rac1 {[%emt 0:04:17] White is much more active. The black rooks are badly placed.} (20. Qh5 {seems wilder.} Rb7 21. Rad1 Be7 22. g4) 20... f5 21. Nxd6 Qxd6 22. b4 (22. Bxf5 Rf7 23. Bxh7+ (23. g4 $2 g6 $19) 23... Nxh7 $17) 22... cxb4 23. c5 ({Much weaker is} 23. Bxf5 Rf7 24. c5 Qb8 $15) (23. Ba4 {with more complications.} f4 24. c5 Qg6 25. cxb6 Bg4 26. Bc2) 23... bxc5 {[%emt 0:00:25] [#]} 24. Bxc5 $1 Qxc5 25. Bxf5 Qxd5 26. Rxc8 $2 (26. Qxd5+ $11 Rxd5 27. Rxc8) 26... Qxf3 $17 27. gxf3 Rxc8 28. Bxc8 $11 {[%emt 0:00:04][%mdl 4096] Endgame [#] KRB-KRN} Ng6 29. Rc1 Nf4 {[%emt 0:01:49] And now ...Ne2+ would win.} 30. Rc5 a5 31. Rxe5 Rc7 {[%emt 0:00:22] ( -> ...Rc1+)} 32. Ba6 Rc1+ 33. Bf1 a4 34. Re4 {[%emt 0:00:46][%csl LRb4,LRf4] [#]} b3 $1 35. axb3 {[%emt 0:00:12] [#]} a3 $1 {[%emt 0:00:34] Threatens to win with ...a2.} 36. Ra4 {[%emt 0:00:53] Weighted Error Value: White=0.16 (very precise) /Black=0.16 (very precise)} 1/2-1/2

[Event "Slovakian-ch Youth 2022"]
[Site "Lubovna"]
[Date "2022.05.23"]
[Round "3.1"]
[White "Durana, Jonas"]
[Black "Visvader, Kristof"]
[Result "0-1"]
[ECO "B12"]
[WhiteElo "1644"]
[BlackElo "1607"]
[Annotator "NA RC COMBH"]
[PlyCount "48"]
[EventDate "2022.05.22"]
[EventCountry "SVK"]
[SourceTitle "playchess.com"]
[Source "ChessBase"]
[SourceQuality "1"]
[TimeControl "40/5400+30:1800+30"]

1. e4 c6 2. d4 d5 3. e5 Bf5 4. h4 h5 5. Bd3 Bxd3 6. Qxd3 e6 7. Nc3 a6 8. Nf3 c5 9. Be3 cxd4 10. Nxd4 Qc7 11. f4 Bc5 12. O-O-O Bxd4 13. Bxd4 Nc6 14. Qg3 g6 15. f5 Nge7 16. fxe6 fxe6 17. Rhf1 Kd7 18. Rf7 Raf8 19. Qxg6 Nxd4 20. Rxd4 Qxe5 21. Qf6 Qxf6 22. Rxf6 Rxf6 23. Kd1 Rg8 24. Rd2 Rg4 0-1

[Event "Slovakian-ch Youth 2022"]
[Site "Lubovna"]
[Date "2022.05.23"]
[Round "3.2"]
[White "Turcan, Richard"]
[Black "Gyerpal, Adrian"]
[Result "1/2-1/2"]
[ECO "D45"]
[WhiteElo "2278"]
[BlackElo "2171"]
[Annotator "TA"]
[PlyCount "79"]
[EventDate "2022.05.22"]
[EventCountry "SVK"]
[SourceTitle "playchess.com"]
[Source "ChessBase"]
[SourceQuality "1"]
[TimeControl "40/5400+30:1800+30"]

1. d4 d5 2. c4 c6 3. Nc3 Nf6 4. Nf3 e6 5. e3 Nbd7 6. Qc2 Bd6 7. g4 h6 8. Rg1 e5 {[%emt 0:01:49] D45: Semi-Slav: 5 e3.} 9. cxd5 cxd5 10. Nb5 Bb8 11. g5 hxg5 12. Nxg5 {[%emt 0:00:31][%cal Og5e6] [#] aiming for Ne6!} e4 ({But not} 12... Rxh2 13. Bd2 (13. Nxf7 Kxf7 14. Qg6+ Ke6 $11) 13... e4 14. Rc1 $16) 13. Bd2 Nb6 14. Qc5 Bd7 15. Nd6+ (15. Bb4 $11) 15... Bxd6 $17 16. Qxd6 {[%emt 0:00:05] Bb4 is the strong threat.} Qe7 17. Qe5 {[%emt 0:02:48][%cal Og5f7] [#]} Qxe5 (17... Ng4 $1 $17 18. Qxe7+ (18. Qxg7 O-O-O $17) 18... Kxe7) 18. dxe5 $11 {[%emt 0:00:21] [#]} Nh7 $146 ({Predecessor:} 18... Rxh2 19. exf6 gxf6 20. Nxe4 dxe4 21. Bb4 Rh8 22. O-O-O Bc6 23. Bc3 Ke7 24. Bb4+ Ke8 {½-½ (30) Rapport,R (2752)-Ragger,M (2697) Baku 2016}) 19. Nh3 Bxh3 20. Bxh3 Nf8 21. Bf1 Ne6 22. h3 Rc8 23. Bc3 a6 24. Rd1 Na4 25. Rxd5 Nxc3 26. bxc3 Rxc3 27. Rg4 Ra3 28. Rd2 Ra5 29. Rb2 b5 30. Rxe4 (30. Rc2 {keeps more tension.} Kd7 31. Bg2 Ra3 32. Ke2) 30... Ke7 31. Rc2 Ra3 32. Rb4 Rh5 {[%emt 0:01:22] The position is equal.} 33. Re4 Ng5 34. Be2 Rxh3 35. Rd4 Rh1+ 36. Kd2 Ne6 37. Rd3 Rxd3+ 38. Bxd3 Rh2 39. Ke2 Rh4 40. Bf5 {[%emt 0:05:21] Weighted Error Value: White=0.10 (very precise) /Black=0.06 (flawless)} 1/2-1/2

[Event "Slovakian-ch Youth 2022"]
[Site "Lubovna"]
[Date "2022.05.23"]
[Round "3.2"]
[White "Benci, Jozef"]
[Black "Gay, Lukas"]
[Result "1/2-1/2"]
[ECO "A04"]
[WhiteElo "1873"]
[BlackElo "1480"]
[Annotator "NA RC COMBH"]
[PlyCount "82"]
[EventDate "2022.05.22"]
[EventCountry "SVK"]
[SourceTitle "playchess.com"]
[Source "ChessBase"]
[SourceQuality "1"]
[TimeControl "40/5400+30:1800+30"]

1. Nf3 e6 2. g3 f5 3. d3 Be7 4. Bg2 Nf6 5. c4 c6 6. Nbd2 d5 7. b3 O-O 8. O-O Qc7 9. Bb2 Bd6 10. Rc1 (10. e4 $16 dxe4 11. dxe4) 10... Na6 {[%emt 0:03:31] [#]} 11. a3 $1 f4 12. b4 fxg3 (12... Qe7 $142) 13. hxg3 Qf7 14. e3 (14. e4 $142 Ng4 15. Bh3) 14... Qg6 (14... Ng4 $142) 15. Qe2 ({White should play} 15. e4 Bc7 16. Nh4) 15... Bd7 (15... Qh5 $142) 16. c5 (16. e4 $16 Bc7 17. e5) 16... Bc7 17. Be5 Qh5 18. Bxf6 Rxf6 19. Rfe1 Raf8 20. d4 Rh6 21. Nh4 (21. Nf1 $14) 21... Qxe2 22. Rxe2 $11 e5 ({Black should play} 22... g5 $1 $11 23. Nhf3 Rg6) 23. dxe5 (23. e4 $14) 23... Bxe5 24. Ndf3 (24. Rc2 $11) 24... Bf6 $1 25. Bh1 (25. Nd4 $11) 25... Bg4 (25... Bxh4 $17 26. Ne5 {[#]} Bxg3 $1 27. fxg3 Be6) 26. Rd2 Bxh4 27. Nxh4 g5 28. Ng2 $2 (28. Rd4 $11 {and White is okay.} Be6 29. Ng2) 28... Bf3 29. Rd4 $2 (29. e4 dxe4 30. Rc3) 29... Nc7 (29... Rh3 $142 30. b5 Rf6 31. bxa6 bxa6) 30. a4 Ne6 31. Rd2 g4 32. Nh4 Ng5 (32... Bxh1 $15 33. Kxh1 Rhf6) 33. Bxf3 Nxf3+ 34. Nxf3 gxf3 35. Rd4 (35. e4 $1 $11) 35... Rf5 $1 36. Rg4+ $1 Kh8 37. Rh4 Rxh4 38. gxh4 Rh5 39. Rd1 Rxh4 40. Rd4 Rh3 41. Rg4 a6 1/2-1/2

[Event "Slovakian-ch Youth 2022"]
[Site "Lubovna"]
[Date "2022.05.23"]
[Round "3.2"]
[White "Muller, Tomas"]
[Black "Pisarcik, Richard"]
[Result "0-1"]
[ECO "A04"]
[WhiteElo "1240"]
[BlackElo "1343"]
[Annotator "NA RC COMBH"]
[PlyCount "76"]
[EventDate "2022.05.22"]
[EventCountry "SVK"]
[SourceTitle "playchess.com"]
[Source "ChessBase"]
[SourceQuality "1"]
[TimeControl "40/5400+30:1800+30"]

1. Nf3 c5 2. c4 Nc6 3. b3 d6 4. Bb2 Nf6 5. g3 g6 6. Bg2 Bg7 7. d3 O-O 8. Nbd2 Qb6 9. Rb1 d5 10. cxd5 Nxd5 11. Qc2 Ndb4 12. Qc4 Be6 13. Qc1 Nxa2 14. Qd1 Ncb4 15. Bxg7 Kxg7 16. O-O Nc3 17. Qc1 Nxe2+ 18. Kh1 Nxc1 19. Rfxc1 Nxd3 20. Rf1 c4 21. Kg1 c3 22. Nc4 Bxc4 23. bxc4 Qc5 24. Ne1 Qxc4 25. Nxd3 Qxd3 26. Rb3 Qd2 27. Bf3 c2 28. Rb2 c1=Q 29. Rxd2 Qxd2 30. Rd1 Qc3 31. Bg2 Rfd8 32. Rf1 Qc2 33. Bf3 Rd2 34. Kg2 Rad8 35. Kh3 Rxf2 36. Rxf2 Qxf2 37. Bxb7 h5 38. g4 Rd3+ 0-1

[Event "Slovakian-ch Youth 2022"]
[Site "Lubovna"]
[Date "2022.05.23"]
[Round "3.3"]
[White "Beres, Tomas"]
[Black "Bochnicka, Vladimir"]
[Result "0-1"]
[ECO "B32"]
[WhiteElo "2059"]
[BlackElo "2267"]
[Annotator "TA"]
[PlyCount "104"]
[EventDate "2022.05.22"]
[EventCountry "SVK"]
[SourceTitle "playchess.com"]
[Source "ChessBase"]
[SourceQuality "1"]
[TimeControl "40/5400+30:1800+30"]

1. e4 c5 2. Nf3 Nc6 3. d4 cxd4 4. Nxd4 e5 5. Nb5 d6 6. N1c3 a6 7. Na3 Be7 8. g3 Nf6 9. Bg2 {[%emt 0:00:36] B32: Sicilian: Löwenthal and Kalashnikov Variations.} O-O (9... Bg4 $5 10. Qd3 Nb4 $11) 10. O-O Bg4 11. f3 {[%emt 0:03:19] The position is equal.} Be6 12. Nd5 b5 {[%emt 0:06:16] [#]} 13. Be3 $146 ({Predecessor:} 13. c3 b4 14. Nc4 Bxd5 15. exd5 Na5 16. Ne3 bxc3 17. bxc3 Qb6 18. Kh1 Rfc8 19. Nf5 {0-1 (43) Zhuk,I (2144)-Badelka,O (2375) Rogachev 2018}) 13... Rc8 (13... Bxd5 $142 14. exd5 Nb4) 14. Qd2 b4 15. Nc4 ({Much worse is} 15. Nxb4 Nxb4 16. Qxb4 d5 $17) 15... Bxd5 16. exd5 Nd4 17. Bxd4 Rxc4 18. Bf2 Qc7 19. Rfc1 Rc8 20. Bh3 Nd7 $1 21. Bf1 Rxc2 22. Rxc2 Qxc2 23. Qxb4 Nc5 (23... Rb8 $5 24. Qc3 Qxb2 25. Qxb2 Rxb2 $11) 24. Qc3 Na4 (24... Qxc3 $1 $11 25. bxc3 Na4) 25. Qxc2 $1 $14 Rxc2 26. b3 $36 {[%emt 0:01:12][%mdl 2048] Black is under strong pressure.} Nc3 27. Bxa6 (27. a4 $14) 27... Nxa2 $11 28. Be1 Nc1 {[%emt 0:05:29] Against Bd3} 29. b4 Bd8 30. Bf2 (30. Bb5 $5 Kf8 31. Ra8 $11) 30... f5 {[%emt 0:01:49] [#]} (30... Nb3 $11 {remains equal.} 31. Ra3 Nd4) 31. Bb5 {[%emt 0:03:44] This bishop pair is nice.} (31. Bf1 $1 $16 {aiming for Ra8.} Kf7 32. b5) 31... Kf7 (31... Bf6 $1 $14) 32. Be3 (32. Ra7+ $16 Be7 33. g4) 32... Nb3 33. Ra7+ Kf6 $1 34. Rd7 Bc7 {[%emt 0:01:02] [#]} (34... Be7 $1 $11) 35. Ba4 (35. h4 $18 {Bg5+ is the strong threat.} Nd4 36. Bxd4 exd4 37. Kf1) 35... Rc3 $16 36. Bc6 $2 Rxe3 $17 37. Rxc7 Rxf3 {[%emt 0:00:39][%mdl 4096] Endgame KRB-KRN} 38. b5 $2 {[%emt 0:00:35][%mdl 8192] White does not recover from this.} (38. Rd7 $17 {was the crucial defense.}) 38... Nc5 39. b6 Rb3 40. b7 e4 41. Rc8 $2 (41. Kf1) 41... Nxb7 $19 42. Re8 Nc5 43. Kf2 g5 44. Rh8 f4 45. Rxh7 Rb2+ {[%emt 0:00:39] Black mates.} 46. Kf1 f3 47. Rh8 Ke5 48. h4 Nd3 49. Kg1 Rb1+ 50. Kh2 g4 51. Re8+ Kd4 52. Bd7 Nf2 {[%emt 0:00:13] Weighted Error Value: White=0.78/Black=0.27 (precise)} 0-1

[Event "Slovakian-ch Youth 2022"]
[Site "Lubovna"]
[Date "2022.05.23"]
[Round "3.3"]
[White "Pongo, Aron"]
[Black "Magda, Filip"]
[Result "1/2-1/2"]
[ECO "A39"]
[WhiteElo "1566"]
[BlackElo "1624"]
[Annotator "NA RC COMBH"]
[PlyCount "110"]
[EventDate "2022.05.22"]
[EventCountry "SVK"]
[SourceTitle "playchess.com"]
[Source "ChessBase"]
[SourceQuality "1"]
[TimeControl "40/5400+30:1800+30"]

1. c4 c5 2. Nf3 Nc6 3. g3 g6 4. Bg2 Bg7 5. O-O Nf6 6. Nc3 O-O 7. d4 cxd4 8. Nxd4 Nxd4 9. Qxd4 d6 10. Qd2 Rb8 11. b3 b6 12. Bb2 Bb7 13. Rac1 Bxg2 14. Kxg2 Rc8 15. Nd5 Nxd5 16. Bxg7 Kxg7 17. Qxd5 e6 18. Qd4+ e5 19. Qd5 Qd7 20. Rcd1 Qc6 21. Rd2 Rfd8 22. Rfd1 f5 23. Kg1 Rc7 24. Qd3 Rcd7 25. Qe3 Kf6 26. Rd5 Rb8 27. h4 Ke6 28. Qh6 Rg8 29. R1d3 a6 30. Qg5 Rgg7 31. Kh2 b5 32. cxb5 axb5 33. Qd2 Rg8 34. Qb4 Rb8 35. e4 Rbb7 36. a4 bxa4 37. Qxa4 Qxa4 38. exf5+ gxf5 39. bxa4 Rbc7 40. a5 Rc5 41. Rxc5 dxc5 42. Ra3 Ra7 43. Kg2 Kd6 44. Kf1 Kc6 45. Rf3 Rf7 46. a6 Kb6 47. Ra3 e4 48. f3 exf3 49. Kf2 Ra7 50. Rxf3 Kxa6 51. Rxf5 Kb5 52. Ke1 Rd7 53. Rf2 Kc4 54. Rd2 Rxd2 55. Kxd2 Kb5 1/2-1/2

[Event "Slovakian-ch Youth 2022"]
[Site "Lubovna"]
[Date "2022.05.23"]
[Round "3.4"]
[White "Polomsky, Tomas"]
[Black "Gollner, Martin"]
[Result "1/2-1/2"]
[ECO "A43"]
[WhiteElo "1467"]
[BlackElo "1585"]
[Annotator "NA RC COMBH"]
[PlyCount "125"]
[EventDate "2022.05.22"]
[EventCountry "SVK"]
[SourceTitle "playchess.com"]
[Source "ChessBase"]
[SourceQuality "1"]
[TimeControl "40/5400+30:1800+30"]

1. d4 c5 2. d5 g6 3. c4 Bg7 4. Nc3 d6 5. Nf3 Nf6 6. e4 O-O 7. Bf4 Bg4 8. Be2 Bxf3 9. Bxf3 Nbd7 10. O-O Nb6 11. Qe2 Nfd7 12. Rac1 Ne5 13. b3 Nbd7 14. Bg4 Nxg4 15. Qxg4 Ne5 16. Bxe5 Bxe5 17. Ne2 f5 18. exf5 Rxf5 19. Ng3 Rf4 20. Qe6+ Kh8 21. Ne2 Re4 22. Ng3 Rh4 23. Rce1 Qf8 24. Re4 Rxe4 25. Nxe4 Qf4 26. Ng3 Rf8 27. Qxe7 Rf7 28. Qd8+ Kg7 29. Qc8 h5 30. Qh3 h4 31. Nh1 Bd4 32. g3 hxg3 33. Qxg3 Qxg3+ 34. Nxg3 Rf3 35. Kg2 Rd3 36. Re1 Be5 37. Re2 a6 38. Ne4 b5 39. cxb5 axb5 40. Nxc5 dxc5 41. Rxe5 Kf6 42. Re6+ Kf5 43. Rb6 b4 44. d6 Ke5 45. Rc6 Rd5 46. d7 Kd4 47. Rxg6 Rxd7 48. Rg4+ Kc3 49. Re4 Rd2 50. Rc4+ Kb2 51. Rxc5 Kxa2 52. h4 Kxb3 53. h5 Ka4 54. Kg3 b3 55. Rc8 Rd5 56. Ra8+ Kb4 57. Rb8+ Rb5 58. Rxb5+ Kxb5 59. h6 b2 60. h7 b1=Q 61. h8=Q Qg1+ 62. Kf3 Qd1+ 63. Kg2 1/2-1/2

[Event "Slovakian-ch Youth 2022"]
[Site "Lubovna"]
[Date "2022.05.23"]
[Round "3.4"]
[White "Sotnik, Simon"]
[Black "Toth, Mihaly"]
[Result "1-0"]
[ECO "B27"]
[WhiteElo "1038"]
[BlackElo "1909"]
[Annotator "TA"]
[PlyCount "39"]
[EventDate "2022.05.22"]
[EventCountry "SVK"]
[SourceTitle "playchess.com"]
[Source "ChessBase"]
[SourceQuality "1"]
[TimeControl "40/5400+30:1800+30"]

1. e4 c5 2. Nf3 g6 3. Nc3 Bg7 4. Bc4 e6 5. d3 Nf6 6. Bg5 {[#] Black must now prevent e5. B27: Sicilian: 2 Nf3, unusual Black 2nd moves.} O-O $2 (6... h6 $11 {and Black is okay.} 7. Be3 d6) 7. e5 $18 {[#]} Nc6 $146 ({Predecessor:} 7... d5 8. exf6 Bxf6 9. Bb3 Bxg5 10. O-O d4 11. Ne4 Bf4 12. c3 dxc3 13. bxc3 b6 14. a4 Bb7 15. a5 Bxe4 16. dxe4 bxa5 {1-0 (16) Bazaras,J-Baumilas,J Plateliai 2018}) 8. exf6 {White has a decisive advantage.} Bxf6 9. Bxf6 Qxf6 10. O-O a6 11. Re1 d5 12. Bb3 b5 13. a3 d4 $2 (13... Rd8 14. Qd2 Bb7) 14. Ne4 e5 (14... Qe7 $142 15. Qd2 Ra7) 15. Nxf6+ {White is clearly winning.} Kg7 16. Nxe5 Nxe5 17. Rxe5 Kxf6 18. Rxc5 {[#] Intending Qe1 and mate.} Bb7 19. Bd5 Bxd5 20. Rxd5 {White took control after the opening.  Weighted Error Value: White=0.10 (very precise) /Black=0.79} 1-0

[Event "Slovakian-ch Youth 2022"]
[Site "Lubovna"]
[Date "2022.05.23"]
[Round "3.5"]
[White "Petrek, Dominik"]
[Black "Stevik, Patrik"]
[Result "0-1"]
[ECO "E73"]
[WhiteElo "2110"]
[BlackElo "2249"]
[Annotator "TA"]
[PlyCount "64"]
[EventDate "2022.05.22"]
[EventCountry "SVK"]
[SourceTitle "playchess.com"]
[Source "ChessBase"]
[SourceQuality "1"]
[TimeControl "40/5400+30:1800+30"]

1. d4 Nf6 2. c4 g6 3. Nc3 Bg7 4. e4 d6 5. Be2 O-O 6. Be3 a6 {[%emt 0:01:49][%cal Ob7b5] E73: King's Indian: Averbakh Variation without 6...c5.} 7. h4 (7. Nf3 $14) 7... b5 8. cxb5 axb5 {[%emt 0:01:05] The position is equal.} 9. Bxb5 {[%emt 0:02:06] [#]} Ba6 $146 (9... Bb7 $11 {might be stronger.}) ({Predecessor:} 9... c6 10. Be2 Qa5 11. Qd2 e5 12. dxe5 dxe5 13. Rd1 Ng4 14. Bxg4 Bxg4 15. f3 Be6 {½-½ (38) Ergazakis,I (2255)-Mitzas,D (1376) Chania 2022}) 10. Bxa6 $14 Nxa6 11. Nh3 Qb8 12. Rb1 Qb7 13. f3 c5 14. O-O Rfc8 15. d5 Nd7 16. f4 Qb4 17. Nf2 (17. e5 $5) 17... Nb6 ({Black should try} 17... Bxc3 $14 18. bxc3 Qxc3) 18. Nd3 (18. a3 $16 Qa5 19. e5) 18... Qc4 $11 19. Nf2 Bxc3 20. bxc3 Na4 21. Qg4 {[%emt 0:04:31] Strongly threatening f5.} Nxc3 {[%emt 0:01:13] Pair of Knights!} 22. Rb7 {[%emt 0:01:46] [#]} (22. Rbe1 $11 {remains equal.}) 22... Ne2+ (22... Nxe4 23. f5 Qxd5 24. Qxe4 Qxe4 25. Nxe4 $18) (22... Rc7 $1 $17 23. Rxc7 Nxc7) 23. Kh2 Ng3 24. Qxg3 Qxf1 25. f5 Rc7 26. Rb2 {[%emt 0:03:47] Threatens to win with Ng4.} Qa1 $1 27. Re2 Nb4 {[%emt 0:01:43] Hoping for ...Rca7.} 28. Ng4 Kf8 $2 (28... Nxa2 29. Rf2 Nc3 30. fxg6 fxg6 31. Qf3 $18) (28... Nd3 $15 {keeps the upper hand.} 29. h5 Rb7 30. fxg6 fxg6) 29. fxg6 $2 (29. Bh6+ $18 Ke8 30. f6) 29... hxg6 $16 {[%emt 0:00:15] [#]} 30. Rf2 ({Better is} 30. e5 $1 $16 dxe5 31. Rf2 Nxd5 32. Bh6+ (32. Qf3 e6 $18) 32... Ke8 33. Qf3) 30... Ke8 $1 $11 {[%emt 0:04:50] ...Nd3 is the strong threat.} 31. Nf6+ $2 exf6 $19 32. Qxd6 Qe5+ {[%emt 0:00:05] Weighted Error Value: White=0.61/Black=0.40} 0-1

[Event "Slovakian-ch Youth 2022"]
[Site "Lubovna"]
[Date "2022.05.23"]
[Round "3.5"]
[White "Elias, David"]
[Black "Smetana, Peter"]
[Result "1-0"]
[ECO "A57"]
[WhiteElo "1901"]
[BlackElo "1740"]
[Annotator "TA"]
[PlyCount "59"]
[EventDate "2022.05.22"]
[EventCountry "SVK"]
[SourceTitle "playchess.com"]
[Source "ChessBase"]
[SourceQuality "1"]
[TimeControl "40/5400+30:1800+30"]

1. d4 Nf6 2. c4 c5 3. d5 b5 4. cxb5 a6 5. Nc3 axb5 6. e4 b4 7. Nb5 d6 8. Bf4 Nbd7 9. Nf3 Nh5 (9... Nxe4 $15 10. Qe2 f5) 10. Bg5 {[%emt 0:00:33] [#] aiming for Nxd6+. A57: Benko/Volga Gambit.} h6 $2 (10... Nhf6 $11) 11. Nxd6+ $1 $18 exd6 12. Bxd8 {[%emt 0:00:03] White is clearly winning.} Kxd8 13. Bb5 {[%emt 0:00:42] [#]} Nhf6 $146 ({Predecessor:} 13... Nb6 14. Ne5 dxe5 15. Qxh5 g6 16. Qxe5 Rg8 17. Qe8+ Kc7 18. Qxf7+ {1-0 (18) Heras Cuenca,M (1930)-Tevar Sanz,G (1750) Tres Cantos 2017}) 14. Bxd7 Nxd7 15. O-O Be7 16. a3 bxa3 17. Rxa3 Rb8 18. Rb3 {[%emt 0:01:00] [#] Strongly threatening Rxb8.} Rxb3 19. Qxb3 Bf6 20. Ra1 Ke7 21. Ra7 Re8 22. Qb6 g5 23. e5 dxe5 24. Qxc5+ Kd8 25. Qc7+ (25. Qc4 $142 Ke7 26. Qb4+ Kd8 27. d6 Re6 28. Ra8 Rxd6 29. Qxd6 g4 30. Qc6) 25... Ke7 26. Nxe5 {[%emt 0:02:21] Qc5+ would kill now.} Bxe5 27. Qxe5+ Kd8 28. Qc3 {[%emt 0:00:43] Threatening mate with d6.} Nc5 29. Qf6+ Re7 30. Qxe7# {[%emt 0:00:03] Black got outplayed after the opening.  Weighted Error Value: White=0.38/Black=1.65} 1-0